 Dungeon Crawl Stone Soup version 0.28.0-43-g3370ac3207 (webtiles) character file.

Game seed: 1034991738380285239

43 boopmooplesden the Bolt Thrower (level 3, 0/30 HPs)
             Began as a Minotaur Hunter on Mar 2, 2022.
             Slain by a goblin
             ... wielding a +0 dagger
             ... led by Robin
              (3 damage)
             ... on level 2 of the Dungeon.
             The game lasted 00:02:01 (1123 turns).

boopmooplesden the Bolt Thrower (Minotaur Hunter)   Turns: 1123, Time: 00:02:01

Health: 0/30       AC:  3    Str: 16    XL:     3   Next: 37%
Magic:  2/2        EV: 12    Int:  8    God:
Gold:   44         SH:  0    Dex: 12    Spells: 2/2 levels left

rFire   . . .      SeeInvis .   b - +0 short sword
rCold   . . .      Faith    .   (no shield)
rNeg    . . .      Spirit   .   c - +0 leather armour
rPois   .          Reflect  .   (helmet restricted)
rElec   .          Harm     .   (no cloak)
rCorr   .          Rampage  .   (no gloves)
Will    .....                   (no boots)
Stlth   +.........              (no amulet)
HPRegen 0.10/turn               (no ring)
MPRegen 0.08/turn               (no ring)

@: no status effects
A: horns 2, retaliatory headbutt
a: no special abilities


You were on level 2 of the Dungeon.
You visited 1 branch of the dungeon, and saw 2 of its levels.

You collected 44 gold pieces.

Inventory:

Hand Weapons
 a - a +1 hand crossbow
 b - a +0 short sword (weapon)
 h - a +1 short sword of venom
Missiles
 d - 15 bolts
Armour
 c - a +0 leather armour (worn)
Scrolls
 f - a scroll of identify {unknown}
Potions
 e - 2 potions of curing {unknown}
 g - a potion of lignification {unknown}


   Skills:
 + Level 2.8 Fighting
 + Level 5.4 Crossbows
 + Level 0.6 Armour
 + Level 2.2 Dodging
 + Level 0.7 Stealth


You had 2 spell levels left.
You didn't know any spells.
Your spell library contained the following spells:

 Spells                   Type           Power      Damage    Failure   Level
 Gell's Gravitas          Tloc           0%         N/A       85%         3
 Lesser Beckoning         Tloc           0%         N/A       85%         3
 Teleport Other           Tloc           0%         N/A       85%         3


Dungeon Overview and Level Annotations

Branches:
Dungeon (2/15)

Altars:

Annotations:
D:2 Robin


Innate Abilities, Weirdness & Mutations

You have a pair of horns on your head.
You reflexively headbutt those who attack you in melee.


Message History

b - a +0 short sword (weapon)
The hobgoblin hits you.
Robin says, "Bow before me, strongest of all the hobgoblins!"
Found a short sword.
You hit the hobgoblin but do no damage.
The hobgoblin hits you but does no damage.
You hit the hobgoblin but do no damage. The hobgoblin closely misses you.
You hit the hobgoblin but do no damage. The hobgoblin closely misses you.
Robin roars a battlecry!
The goblins go into a battle-frenzy!
You barely miss the hobgoblin. You headbutt the hobgoblin.
The hobgoblin is almost dead.
The hobgoblin hits you.
You closely miss the hobgoblin. Your headbutt misses the hobgoblin.
The hobgoblin is almost dead.
The hobgoblin barely misses you.
You hit the hobgoblin.
You kill the hobgoblin!
Robin throws the goblin at you! The goblin hits you but does no damage.
You closely miss the goblin. Your headbutt misses the goblin.
The goblin hits you with a +0 dagger. The goblin barely misses you.
The hobgoblin hits you but does no damage.
The goblin hits you but does no damage.
You completely miss the goblin. You headbutt the goblin.
You kill the goblin!
The hobgoblin hits you.
* * * LOW HITPOINT WARNING * * *
The goblin completely misses you.
You hit the hobgoblin.
You kill the hobgoblin!
The hobgoblin hits you but does no damage.
The goblin hits you but does no damage. The hobgoblin hits you.
* * * LOW HITPOINT WARNING * * *
You hit the goblin.
You kill the goblin!
The goblin misses you. The hobgoblin hits you.
* * * LOW HITPOINT WARNING * * *
Robin flexes a bicep menacingly.
You closely miss the goblin. The goblin hits you with a +0 dagger.
You die...

g.ยง....#....#
###.g#S#..g.#
## #.#....##
#.......#
#....##.#.#
..#..##..#g##
#.... #..#rg#
###.......#g#
.....#..#@#
......gg#
......#.g#
.........
...r..... ..
....... .
...)#### ###..


You could see Robin, 2 hobgoblins, 4 goblins and a rat.

Vanquished Creatures
  2 dart slugs (D:1)
  2 ball pythons (D:1)
  A bat (D:2)
  2 endoplasms (D:1)
  A giant cockroach (D:1)
  2 goblins (D:2)
  3 hobgoblins
  10 jackals (D:1)
  A quokka (D:1)
  A frilled lizard (D:2)
  4 kobolds (D:1)
  4 rats (D:1)
33 creatures vanquished.

Notes
Turn   | Place    | Note
-------+----------+-------------------------------------------
     0 | D:1      | boopmooplesden the Minotaur Hunter began the quest for the
                  | Orb.
     0 | D:1      | Reached XP level 1. HP: 18/18 MP: 0/0
   276 | D:1      | Reached XP level 2. HP: 25/25 MP: 1/1
   338 | D:1      | Reached skill level 5 in Crossbows
   704 | D:1      | Reached XP level 3. HP: 30/30 MP: 2/2
  1103 | D:2      | Identified the +1 helmet of Freedom {rCorr Int+2}
  1103 | D:2      | Noticed Robin
  1123 | D:2      | Slain by a goblin

Illustrated notes

Levels and vault maps discovered:
D:1:      wander_arrival_peaceful_grave, layout_loops_corners
D:2:      layout_rooms, hellmonk_ecumenical_altar_leap_of_faith, uniq_robin

Skill      XL: |  1  2 |
---------------+-------+-----
Crossbows      | 5 |  5.4
Fighting       | |  2.8
Armour         | |  0.6
Dodging        | |  2.2
Stealth        | |  0.7

Action                   || total
-------------------------++-------
Melee: Short sword       ||    23
       Headbutt          ||     4
 Fire: Hand crossbow     ||    41
Armor: Leather armour    ||     9
Dodge: Dodged            ||    20
